 Dungeon Crawl Stone Soup version 0.31.0-32-g396128a36d (webtiles) character file.

Game seed: 724995285602770892

3421 hawla the Arsonist (level 9, 0/52 HPs)
             Began as a Deep Elf Fire Elementalist on Apr 15, 2024.
             Was a Believer of Vehumet.
             Slain by a boulder beetle (8 damage)
             ... on level 8 of the Dungeon.
             The game lasted 00:14:45 (8156 turns).

hawla the Arsonist (Deep Elf Fire Elementalist)     Turns: 8156, Time: 00:14:46

Health: 0/52       AC: 11    Str:  7    XL:     9   Next: 76%
Magic:  2/15       EV: 20    Int: 23    God:    Vehumet [**....]
Gold:   79         SH:  0    Dex: 15    Spells: 7/14 levels left

rFire   + . .        t - +2 quarterstaff (chaos)
rCold   . . .        (shield currently unavailable)
rNeg    + . .        A - +2 robe {rF+}
rPois   .            (no helmet)
rElec   .            s - +0 cloak
rCorr   .            i - +2 pair of gloves
SInv    .            u - +2 pair of boots
Will    .....        (no amulet)
Stlth   ++           d - +5 ring of evasion
HPRegen 0.28/turn    j - ring of positive energy
MPRegen 0.14/turn

%: no passive effects
@: no status effects
A: no striking features
a: Renounce Religion


You were on level 8 of the Dungeon.
You worshipped Vehumet.
Vehumet was pleased with you.
You visited 1 branch of the dungeon, and saw 9 of its levels.

You collected 410 gold pieces.
You spent 331 gold pieces at shops.

Inventory:

Hand Weapons
 t - a +2 quarterstaff of chaos (weapon)
Armour
 i - a +2 pair of gloves (worn)
 s - a +0 cloak (worn)
 u - a +2 pair of boots (worn)
 A - a +2 robe of fire resistance (worn)
Jewellery
 d - a +5 ring of evasion (left hand)
 j - a ring of positive energy (right hand)
 w - a ring of wizardry
 y - a ring of fire
Wands
 n - a wand of light (14)
 r - a wand of flame (20)
Scrolls
 a - a scroll of immolation
 f - 2 scrolls of enchant weapon
 k - 2 scrolls of fear
 l - 2 scrolls of vulnerability
 o - 2 scrolls of teleportation
 p - a scroll of enchant armour
 v - a scroll of revelation
 z - a scroll of amnesia
Potions
 b - a potion of magic
 c - a potion of resistance
 e - 3 potions of brilliance {unknown}
 h - 8 potions of curing
 m - a potion of enlightenment {unknown}
 q - a potion of cancellation {unknown}


   Skills:
 - Level 4.0 Fighting
 + Level 8.7 Staves
 - Level 6.4 Dodging
 - Level 2.4 Stealth
 - Level 3.0 Spellcasting
 - Level 1.5 Conjurations
 - Level 8.9 Fire Magic
 - Level 3.0 Evocations


You had 7 spell levels left.
You knew the following spells:

 Your Spells              Type           Power      Damage    Failure   Level
a - Foxfire               Conj/Fire      100%       2x1d9     1%          1
b - Scorch                Fire           88%        2d8       1%          2
c - Flame Wave            Conj/Fire      27%        2d9       14%         4

Your spell library contained the following spells:

 Spells                   Type           Power      Damage    Failure   Level
 Searing Ray              Conj           20%        2d5       10%         2
 Inner Flame              Hex/Fire       23%        N/A       5%          3
 Volatile Blastmotes      Fire/Tloc      46%        2d13      5%          3
 Cigotuvi's Dreadful Rot  Necr/Alch/Air  6%         N/A       17%         2
 Ignite Poison            Fire/Alch      23%        N/A       19%         4
 Passage of Golubria      Tloc           3%         N/A       75%         4
 Freezing Cloud           Conj/Ice/Air   2%         6-21      95%         5
 Silence                  Hex/Air        1%         N/A       97%         5
 Lehudib's Crystal Spear  Conj/Erth      3%         10d2      100%        8


Dungeon Overview and Level Annotations

Branches:
Dungeon (9/15)             Temple (0/1) D:6
   Lair: D:8-11         Orc: D:9-12

Altars:
Cheibriados
Nemelex Xobeh
Okawaru
Qazlal
Uskayaw
Vehumet
Yredelemnul

Shops:
D:6 *   D:7 *

Annotations:
D:8 Pikel


Message History

You conjure some foxfire!
Pikel, Merchant of Souls comes into view.
He is wielding a +0 whip of electrocution and wearing a +2 robe of willpower.
Casting: Foxfire (safe; 1% risk of failure)
Confirm with . or Enter, or press ? or * to list all spells.
You conjure some foxfire!
The foxfire hits the boulder beetle but does no damage.
The boulder beetle is severely wounded.
The boulder beetle curls into a ball and begins rolling!
The foxfire hits the boulder beetle!
The boulder beetle is severely wounded.
The foxfire hits the boulder beetle.
The boulder beetle is severely wounded.
The foxfire hits the boulder beetle.
The boulder beetle is almost dead.
Casting: Foxfire (safe; 1% risk of failure)
Confirm with . or Enter, or press ? or * to list all spells.
You conjure some foxfire!
The boulder beetle hits you!
The boulder beetle stops rolling and uncurls.
You are too injured to fight recklessly!
You sock the boulder beetle!
The boulder beetle flies into a frenzy!
The boulder beetle is almost dead.
The foxfire hits the boulder beetle.
The boulder beetle is almost dead.
The foxfire hits the boulder beetle but does no damage.
The boulder beetle is almost dead.
The boulder beetle closely misses you. The boulder beetle misses you.
Pikel checks his coin pouch and frowns.
A lemure comes into view.
The boulder beetle bites you!!
* * * LOW HITPOINT WARNING * * *
You feel much better. The boulder beetle bites you!
* * * LOW HITPOINT WARNING * * *
A lemure comes into view.
Unknown command.
As you read the scroll of fear, it crumbles to dust.
You assume a fearsome visage.
Pikel looks frightened!
The lemure looks frightened! x2; The boulder beetle is unaffected.
The boulder beetle bites you!
You die...

..............####..
..............#....# ..
>........)5...#...# .# ..
##$.)$...5......## ###.###...
.....)...)....#).# #....#.#..
#............[#.)####.........##
#....).<......K..$.##..........#
...............B)).............##
......#.........@................
......#.......##.####..)##.....[.
...................#...))#......#
.......................).).......
.....................#.).........
..................(..............
................####...##.
.##..............v...##.
####..................


You could see Pikel (fleeing), 2 lemures and a neutral boulder beetle (fast,
strong, frenzied).

Vanquished Creatures
  A troll (D:8)
  A steam dragon (D:8)
  3 water moccasins
  A sky beast (D:8)
  A black bear (D:7)
  2 ice beasts
  2 ogres
  3 centaurs
  A kobold brigand (D:6)
  2 bullfrogs
  A phantom (D:4)
  3 gnoll sergeants
  6 wights (D:8)
  3 killer bees (D:7)
  4 howler monkeys
  4 bombardier beetles
  A hound (D:6)
  4 orc priests
  Crazy Yiuf (D:6)
  3 jellies
  2 orc wizards
  3 sleepcaps
  2 iguanas
  22 gnolls
  5 adders
  2 white imps
  3 dart slugs
  3 ribbon worms
  17 orcs
  4 endoplasms
  A giant cockroach (D:1)
  6 goblins
  5 hobgoblins
  5 jackals
  13 kobolds
  3 quokkas
  13 ball pythons
  4 bats
  5 frilled lizards
  6 rats
171 creatures vanquished.

Vanquished Creatures (others)
  432 foxfires
432 creatures vanquished.

Grand Total: 603 creatures vanquished

Notes
Turn   | Place    | Note
-------+----------+-------------------------------------------
     0 | D:1      | hawla the Deep Elf Fire Elementalist began the quest for
                  | the Orb.
     0 | D:1      | Reached XP level 1. HP: 10/10 MP: 6/6
   267 | D:1      | Reached XP level 2. HP: 15/15 MP: 5/8
   720 | D:1      | Reached XP level 3. HP: 19/19 MP: 6/9
   928 | D:1      | Learned a level 2 spell: Scorch
  1342 | D:2      | Reached skill level 5 in Fire Magic
  1412 | D:2      | Reached XP level 4. HP: 20/24 MP: 0/10
  3106 | D:4      | Reached XP level 5. HP: 13/28 MP: 4/11
  3369 | D:4      | Noticed a phantom
  3376 | D:4      | Killed a phantom
  3377 | D:4      | Reached XP level 6. HP: 32/32 MP: 1/12
  3710 | D:4      | Found a sparkling altar of Nemelex Xobeh.
  3955 | D:5      | Entered Level 5 of the Dungeon
  3955 | D:5      | Noticed a water moccasin
  3958 | D:5      | Killed a water moccasin
  4114 | D:5      | Found an iron altar of Okawaru.
  4314 | D:5      | Reached XP level 7. HP: 36/36 MP: 9/13
  4319 | D:5      | Learned a level 4 spell: Flame Wave
  4578 | D:5      | Reached skill level 1 in Evocations
  4636 | D:5      | Reached skill level 1 in Fighting
  4734 | D:5      | Found a stormy altar of Qazlal.
  4898 | D:5      | Found a basalt altar of Yredelemnul.
  5443 | D:6      | Found a radiant altar of Vehumet.
  5492 | D:6      | Reached XP level 8. HP: 45/45 MP: 3/14
  5503 | D:6      | Became a worshipper of Vehumet
  5705 | D:6      | Found Faivaem's Elemental Accessories.
  5784 | D:6      | Reached skill level 5 in Dodging
  6088 | D:6      | Found a hide-covered altar of Uskayaw.
  6348 | D:6      | Found a runed translucent door.
  6349 | D:6      | Noticed Crazy Yiuf
  6467 | D:6      | Found a snail-covered altar of Cheibriados.
  6536 | D:6      | Found a staircase to the Ecumenical Temple.
  6699 | D:6      | Killed Crazy Yiuf
  6952 | D:7      | Reached skill level 1 in Staves
  7021 | D:7      | Reached * piety under Vehumet
  7021 | D:7      | Offered knowledge of Sandblast by Vehumet.
  7205 | D:7      | Reached XP level 9. HP: 52/52 MP: 12/15
  7237 | D:7      | You fall into a shaft and drop 2 floors!
  7274 | D:8      | Noticed a troll
  7279 | D:8      | Killed a troll
  7280 | D:8      | Reached skill level 5 in Staves
  7662 | D:7      | Found Vifolits's General Store.
  7666 | D:7      | Bought a scroll of teleportation for 42 gold pieces
  7666 | D:7      | Bought a +2 robe of fire resistance for 247 gold pieces
  7666 | D:7      | Bought a potion of curing for 42 gold pieces
  7836 | D:8      | Noticed a boulder beetle
  8130 | D:8      | Offered knowledge of Searing Ray by Vehumet.
  8147 | D:8      | Reached ** piety under Vehumet
  8149 | D:8      | Noticed Pikel
  8156 | D:8      | Slain by a boulder beetle

Illustrated notes

Levels and vault maps discovered:
D:1:      dpeg_arrival_brainrot, layout_rooms
D:2:      layout_basic, minmay_fractal_squares_gapless_5
D:3:      layout_basic
D:4:      layout_basic, nemelex_xobeh_ov_fountains_minmay,
          minmay_stone_trees_small, minmay_tree_intersection,
          minmay_misc_feat_secret_circle
D:5:      layout_loops_ring, mainiacjoe_overflow_catwalk,
          nicolae_overflow_crystal_walls, okawaru_trees_2
D:6:      layout_basic, kennysheep_slug_shrine, lemuel_tele_altar,
          mainiacjoe_overflow_paths, temple_hall_moat, nicolae_elemental_shop,
          uniq_crazy_yiuf_cottage
D:7:      nicolae_cairo_tiling_large_dashed, layout_gridville, serial_shops,
          shop
D:8:      layout_cave_pools, uniq_pikel
D:9:      nzn_winding_woodlands_medium [nzn_winding_woodlands_5x5_three,
          nzn_winding_woodlands_5x15_pockets,
          nzn_winding_woodlands_5x5_checkerboard,
          nzn_winding_woodlands_5x5_default,
          nzn_winding_woodlands_center_diamonds,
          nzn_winding_woodlands_hourglass, nzn_winding_woodlands_5x5_cross,
          nzn_winding_woodlands_5x15_river_crossing,
          nzn_winding_woodlands_5x5_perimeter], layout_basic,
          gammafunk_ghost_split

Skill      XL: |  1  2  3  4  5  6  7  8  9 |
---------------+----------------------------+-----
Fire Magic     | 4 5 6 7 8 |  8.9
Evocations     | 3 |  3.0
Dodging        | 4 6 |  6.4
Fighting       | 2 4 |  4.0
Staves         | 4 8 |  8.7
Stealth        | |  2.4
Spellcasting   | |  3.0
Conjurations   | |  1.5

Action                     |  1- 3 |  4- 6 |  7- 9 || total
---------------------------+-------+-------+-------++-------
  Melee: Unarmed           |     1 |     6 |    13 ||    20
         Punch             |       |       |     1 ||     1
         Quarterstaff      |       |       |    39 ||    39
   Cast: Foxfire           |    58 |    62 |   129 ||   249
         Scorch            |     8 |    26 |    39 ||    73
         Flame Wave        |       |       |    11 ||    11
  Evoke: Wand              |       |       |     7 ||     7
    Use: Scroll            |     1 |     5 |     8 ||    14
         Potion            |     1 |       |     2 ||     3
   Stab: Distracted        |       |       |     1 ||     1
         Petrified         |       |       |     2 ||     2
         Petrifying        |       |       |     1 ||     1
 Armour: Robe              |     4 |     6 |    65 ||    75
  Dodge: Dodged            |    12 |    14 |   134 ||   160
